 Dungeon Crawl Stone Soup version 0.31-a0-424-g41b3b0883d (webtiles) character file.

Game seed: 3880018595767701405

137 Bnni the Shooter (level 5, -7/32 HPs)
             Began as a Tengu Hunter on July 30, 2023.
             Killed by divine providence
             ... invoked by an orc priest
              (14 damage)
             ... on level 3 of the Dungeon.
             The game lasted 00:02:03 (1624 turns).

Bnni the Shooter (Tengu Hunter)                     Turns: 1624, Time: 00:02:03

Health: -7/32      AC:  4    Str: 11    XL:     5   Next: 20%
Magic:  0/6        EV: 15    Int: 10    God:
Gold:   74         SH:  0    Dex: 24    Spells: 4/4 levels left

rFire   . . .        o - +10 whip of the Manifold Moons {freeze, Will- Dex+5}
rCold   . . .        (no shield)
rNeg    . . .        c - +0 leather armour
rPois   .            (helmet restricted)
rElec   .            (no cloak)
rCorr   .            d - +0 pair of gloves
SInv    .            (boots unavailable)
Will    .....        p - amulet of guardian spirit
Stlth   ++           (no ring)
HPRegen 0.25/turn    (no ring)
MPRegen 0.10/turn

%: guardian spirit
@: flying quickly and evasively, quick
A: beak, talons 3, nimble flight
a: no special abilities


You were on level 3 of the Dungeon.
You visited 1 branch of the dungeon, and saw 3 of its levels.

You collected 74 gold pieces.

Inventory:

Hand Weapons
 a - a +0 shortbow
 o - the +10 whip of the Manifold Moons (weapon) {freeze, Will- Dex+5}
   (You found it on level 2 of the Dungeon)

   Dex:       It affects your dexterity (+5).
   Will:      It decreases your willpower.
Missiles
 l - 3 poisoned darts
Armour
 c - a +0 leather armour (worn)
 d - a +0 pair of gloves (worn)
Jewellery
 p - an amulet of guardian spirit (around neck)
Scrolls
 b - a scroll of butterflies
 e - 2 scrolls of revelation {unknown}
 f - a scroll of immolation {unknown}
 j - a scroll of fear {unknown}
 m - a scroll of identify {unknown}
 n - a scroll of fog {unknown}
 q - a scroll of torment {unknown}
Potions
 g - a potion of curing {unknown}
 h - a potion of invisibility {unknown}
 i - a potion of enlightenment {unknown}
 k - a potion of degeneration {unknown}
 r - a potion of brilliance {unknown}


   Skills:
 + Level 3.3 Fighting
 * Level 6.2 Ranged Weapons
 - Level 2.1 Dodging
 - Level 1.0 Stealth


You had 4 spell levels left.
You didn't know any spells.
Your spell library contained the following spells:

 Spells                   Type           Power      Damage    Failure   Level
 Static Discharge         Conj/Air       0%         2-2/arc   58%         2
 Leda's Unmaking          Conj/Erth      0%         9d1       100%        6
 Spellforged Servitor     Conj/Summ      0%         N/A       100%        7


Dungeon Overview and Level Annotations

Branches:
Dungeon (3/15)

Altars:


Innate Abilities, Weirdness & Mutations

You have a beak for a mouth.
You have claws for feet.
Your magical nature lets you fly swiftly and evasively.


Message History

You hit the orc. You freeze the orc.
You kill the orc!
No target in view!
You see here a +0 club.
Something unseen opens the door.
You sense a monster nearby.
No target in view!
An orc priest and 3 orcs come into view.
An orc is wielding a +0 club and carrying a wand of mindburst.
The orc shouts! x2
You barely miss the orc.
The orc priest shouts!
You claw the orc. Your peck misses the orc.
The orc is lightly wounded.
The orc hits you but does no damage.
The orc priest mumbles some strange prayers to Beogh against you.
Beogh smites you! The orc hits you with a +0 short sword.
The orc zaps a wand.
Your mind is blasted!
* * * LOW HITPOINT WARNING * * *
You are too injured to fight recklessly!
Unknown command.
You whack the orc! You freeze the orc.
You kill the orc!
You whack the orc! You freeze the orc.
You kill the orc!
You aren't carrying any items that you can evoke.
Unknown command.
Okay, then.
The orc priest hits you with a +0 club.
* * * LOW HITPOINT WARNING * * *
You hit the orc priest. You freeze the orc priest.
You claw the orc priest, but do no damage.
The orc priest is moderately wounded.
The orc priest closely misses you.
You hit the orc priest. You freeze the orc priest.
The orc priest is heavily wounded.
The orc priest invokes the aid of Beogh against you.
Beogh smites you!
You die...

#......####+##.####
#......####.##.# #
#......##...##.# #
###.......#.####.## #
##...........##......#
####........###..#.#.##.#
..........)####....#.#...
##'.o##o...'....#.#...
.....#.#@....##....'.#...
### #o#.#.#.##...>###...
#.#.#.#.####..# #...
#o#.#.#.# ##.###...
#.####### #P.P##..# #.
#....####≈.≈##..# #.
#.♣.♣.##≈≈.≈≈###.
#.....P≈≈≈.≈≈≈P##
#.)8.............


You could see an orc priest and an orc.

Vanquished Creatures
  Jessica (D:2)
  An adder (D:2)
  3 gnolls (D:2)
  3 worms
  3 dart slugs
  4 orcs (D:3)
  3 ball pythons
  4 endoplasms
  A giant cockroach (D:2)
  4 goblins
  7 hobgoblins
  3 jackals (D:2)
  3 quokkas
  4 bats
  A frilled lizard (D:1)
  4 kobolds
  4 rats
53 creatures vanquished.

Notes
Turn   | Place    | Note
-------+----------+-------------------------------------------
     0 | D:1      | Bnni the Tengu Hunter began the quest for the Orb.
     0 | D:1      | Reached XP level 1. HP: 12/12 MP: 2/2
   189 | D:1      | Reached XP level 2. HP: 17/17 MP: 3/3
   540 | D:1      | Reached skill level 5 in Ranged Weapons
   589 | D:1      | You fall into a shaft and drop 1 floor!
   626 | D:2      | Reached XP level 3. HP: 22/22 MP: 4/4
   879 | D:2      | Identified the +10 whip of the Manifold Moons {freeze,
                  | Will- Dex+5}
   884 | D:2      | Noticed Jessica
   899 | D:2      | Killed Jessica
   900 | D:2      | Reached XP level 4. HP: 27/27 MP: 5/5
   983 | D:2      | Reached skill level 6 in Ranged Weapons
  1030 | D:2      | Identified the +6 hand axe of a volcano {freeze, Dex+3}
  1080 | D:2      | Gained mutation: Your magical nature lets you fly swiftly
                  | and evasively. [Tengu growth]
  1080 | D:2      | Reached XP level 5. HP: 32/32 MP: 6/6
  1556 | D:3      | Got the Parchment of Conjuration and the Comitatus
  1624 | D:3      | Killed from afar by an orc priest

Illustrated notes

Levels and vault maps discovered:
D:1:      kilobyte_arrival_exit_the_forest, layout_rooms, hangedman_decor_points
D:2:      layout_loops_ring, serial_bayou_ford_a, serial_bayou_pond_c,
          uniq_jessica
D:3:      layout_basic, nicolae_elyvilon_peaceful_grove, old_standard_altar,
          grunt_decor_one_mirror, dreamdust_princess_bridge, minivault_11,
          nicolae_underground_beach, uniq_terence, uniq_grinder

Skill      XL: |  1  2  3  4 |
---------------+-------------+-----
Ranged Weapons | 5 6 |  6.2
Fighting       | 3 |  3.3
Dodging        | |  2.1
Stealth        | |  1.0

Action                     |  1- 3 |  4- 6 || total
---------------------------+-------+-------++-------
  Melee: Whip              |     8 |    40 ||    48
         Kick              |     2 |     8 ||    10
         Peck              |       |     3 ||     3
   Fire: Shortbow          |    66 |       ||    66
   Stab: Sleeping          |       |     2 ||     2
 Armour: Leather armour    |     8 |     6 ||    14
  Dodge: Dodged            |    13 |    16 ||    29

Table legend: (Time is in decaauts)
 A = Elapsed time spent in this place.
 B = Non-inter-level travel time spent in this place.
 C = Inter-level travel time spent in this place.
 D = Time resting spent in this place.
 E = Time spent auto-exploring this place.
 F = Levels seen in this place.
 G = Mean time per level.
                   A        B        C        D        E       F      G
               +--------+--------+--------+--------+--------+-----+--------+
         Total |   1599 |   1498 |    101 |    184 |   1015 |   3 |  533.0 |
       Dungeon |   1599 |   1498 |    101 |    184 |   1015 |   3 |  533.0 |
               +--------+--------+--------+--------+--------+-----+--------+

Top non-repeatable levels by time:
     D:2: 740 daAuts
     D:1: 726 daAuts
     D:3: 131 daAuts
